 Dungeon Crawl Stone Soup version 0.21.0-25-ge575cb9 (webtiles) character file.

405028 Mgcat the Axe Maniac (level 22, -3/213 HPs)
             Began as a Minotaur Berserker on Jan 23, 2018.
             Was the Champion of Trog.
             Slain by a golden dragon zombie (6 damage)
             ... on level 2 of the Depths.
             The game lasted 02:37:30 (54614 turns).

Mgcat the Axe Maniac (Minotaur Berserker)          Turns: 54614, Time: 02:37:32

Health: -3/213     AC: 25    Str: 29    XL:     22   Next: 35%
Magic:  0/28       EV: 20    Int:  6    God:    Trog [******]
Gold:   1877       SH:  0    Dex: 15    Spells: 21/21 levels left

rFire    + + .     SeeInvis +   D - +9 executioner's axe "Hydraslayer" {chop, SInv}
rCold    + + .     Gourm    .   (shield currently unavailable)
rNeg     . . .     Faith    .   Y - +0 ice dragon scales
rPois    +         Spirit   +   l - +1 hat
rElec    .         Reflect  .   a - scarf {Spirit}
rCorr    +         Harm     .   p - +1 pair of gloves
MR       +++..                  G - +2 pair of boots
Stlth    ..........             T - amulet of Sihoagg {RegenMP Slay+2}
HPRegen  1.45/turn              B - +6 ring of strength
MPRegen  0.46/turn              J - ring of Ohoeggasch {rCorr rPois rF+++ Dex-2 Stlth-}

@: about to teleport, flayed, berserk cooldown, very slightly contaminated,
regenerating, slowed, invisible, very slow
A: retaliatory headbutt, horns 2
}: 2/15 runes: decaying, gossamer
a: Berserk, Trog's Hand, Brothers in Arms, Burn Spellbooks, Renounce Religion


You were on level 2 of the Depths.
You worshipped Trog.
Trog was exalted by your worship.
You were near starving.

You visited 8 branches of the dungeon, and saw 39 of its levels.
You also visited: Labyrinth, Ossuary and Volcano.

You collected 4056 gold pieces.
You spent 2179 gold pieces at shops.

Inventory:

Hand Weapons
 D - the +9 executioner's axe "Hydraslayer" (weapon) {chop, SInv}
   (Trog gifted it to you on level 1 of the Vaults)

   It inflicts extra damage upon your enemies.
   It lets you see invisible.
 F - the +8 broad axe of Diuczoxkeg {venom, rElec Int+3}
   (Trog gifted it to you on level 1 of the Vaults)

   It poisons the flesh of those it strikes.
   It affects your intelligence (+3).
   It insulates you from electricity.
 M - the +4 flail of Ovuph {crush, *Noise rPois rN+++ SInv}
   (You bought it in a shop on level 11 of the Dungeon)

   It inflicts extra damage upon your enemies.
   It protects you from poison.
   It renders you almost immune to negative energy.
   It lets you see invisible.
   It may make noises in combat.
Armour
 a - a scarf of spirit shield (worn)
 l - a +1 hat (worn)
 p - a +1 pair of gloves (worn)
 G - a +2 pair of boots (worn)
 I - a +2 cloak
 Y - +0 ice dragon scales (worn)
Jewellery
 h - an uncursed ring of protection from cold
 k - an uncursed ring of positive energy
 B - a +6 ring of strength (left hand)
 C - a cursed -6 ring of evasion
 E - an uncursed ring of protection from fire
 J - the ring of Ohoeggasch (right hand) {rCorr rPois rF+++ Dex-2 Stlth-}
   (You bought it in a shop on level 14 of the Dungeon)

   [ring of resist corrosion]

   It affects your dexterity (-2).
   It renders you almost immune to fire.
   It protects you from poison.
   It makes you less stealthy.
 T - the amulet of Sihoagg (around neck) {RegenMP Slay+2}
   (You found it on level 13 of the Dungeon)

   [amulet of magic regeneration]

   It increases your magic regeneration.
   It affects your accuracy and damage with ranged weapons and melee attacks
   (+2).
Wands
 u - a wand of disintegration (14)
 v - a wand of iceblast (12)
 z - a wand of scattershot (4)
 K - a wand of flame (15)
 R - a wand of digging (61)
 U - a wand of clouds (3)
Scrolls
 i - 5 scrolls of enchant armour
 j - 15 scrolls of teleportation
 n - a scroll of enchant weapon
 r - 4 scrolls of fog
 s - 11 scrolls of remove curse
 w - 16 scrolls of identify
 y - a scroll of summoning
 H - 5 scrolls of magic mapping
 N - a scroll of fear
 Z - a scroll of silence
Potions
 b - 8 potions of ambrosia
 d - 2 potions of might
 e - 8 potions of haste
 f - 8 potions of brilliance
 g - 2 potions of curing
 o - 5 potions of resistance
 q - 6 potions of mutation
 t - 7 potions of agility
 x - 9 potions of lignification
 A - 2 potions of magic
 L - 9 potions of flight
Miscellaneous
 Q - a phantom mirror
Comestibles
 c - 29 rations


   Skills:
 + Level 21.4 Fighting
 O Level 27 Axes
 + Level 21.3 Armour
 + Level 14.9 Dodging
 - Level 10.0 Evocations


You had 21 spell levels left.
You didn't know any spells.

Dungeon Overview and Level Annotations

Branches:
Dungeon (15/15)            Temple (0/1) D:6            Lair (6/6) D:8
  Swamp (4/4) Lair:3       Spider (4/4) Lair:3        Slime (0/5) Lair:5
    Orc (2/2) D:11            Elf (2/3) Orc:2        Vaults (4/5) D:13
  Crypt (0/3) Vaults:3     Depths (2/5) D:15

Altars:
Cheibriados
Dithmenos
Elyvilon
Fedhas
Hepliaklqana
Okawaru
Qazlal
Trog
Vehumet
The Shining One
Beogh

Shops:
D:11 (   D:13 :   D:14 ?=}   Orc:2 :(:   Vaults:3 **%[   Depths:1 ([

Portals:
Hell: Depths:1
Pandemonium: Depths:1

Annotations:
Vaults:1 exclusion: obsidian statue


Innate Abilities, Weirdness & Mutations

You reflexively headbutt those who attack you in melee.
You have a pair of horns on your head.


Message History

Unknown command.
Okay, then.
As you read the scroll of fear, it crumbles to dust.
You assume a fearsome visage.
The deep troll looks frightened!
The stone giant skeleton is unaffected.
The golden dragon zombie is unaffected.
The flayed ghost is unaffected. x2; The jiangshi is unaffected.
The spriggan berserker zombie is unaffected.
The golden dragon skeleton is unaffected.
The stone giant skeleton is unaffected.
The spriggan berserker skeleton is unaffected.
The fire giant skeleton is unaffected.
The yaktaur resists with some effort.
The rakshasa is unaffected.
The yaktaur captain looks frightened!
The yaktaur shouts!
You hear a hideous shriek!
The jiangshi claws you but does no damage.
The jiangshi claws you!
* * * LOW HITPOINT WARNING * * *
The jiangshi draws strength from your injuries!
The golden dragon zombie closely misses you.
The golden dragon zombie claws you!
You die...

### #.Dc ...... ..Z#..T #
...... ZV#..##T ......
##...(T. ......###
####...)J.J ........#
VVV...Z<.J. ........#
.....>[)...
......(.######.Z.#.T.....
.......[@TWZZ.ZZ##...#...
.......cZVR....c..... #..
........Z(W........c. ..
.##...........≈...... ..
##..........≈≈≈.... ..
#.........(..≈≈
................
........##......
.......## ......


You could see a yaktaur captain (fleeing), a rakshasa, a jiangshi, 2 flayed
ghosts, a deep troll (fleeing), a yaktaur, a golden dragon zombie, a spriggan
berserker zombie (wandering), a golden dragon skeleton, a spriggan berserker
skeleton, 2 stone giant skeletons and a fire giant skeleton.

Vanquished Creatures
  Saint Roka (Vaults:4)
  Arachne (Spider:4)
  Jorgrun (Vaults:4)
  A tentacled monstrosity (Swamp:4)
  A deep elf blademaster (Elf:2)
  Gastronok (Lair:3)
  A shadow dragon (Vaults:4)
  3 thorn hunters
  A sphinx (Vaults:3)
  A storm dragon (Vaults:3)
  Kirke (Lair:6)
  A fire giant (Depths:2)
  A frost giant (Depths:2)
  2 deep elf sorcerers (Vaults:1)
  9 vault wardens
  3 ghost moths (Spider:4)
  7 emperor scorpions (Spider:4)
  A caustic shrike skeleton (Depths:2)
  12 stone giants
  5 entropy weavers
  13 very ugly things
  13 ironheart preservers
  5 vampire knights
  A dire elephant (Lair:6)
  2 spark wasps
  A deep elf death mage (Vaults:4)
  An eidolon (Vaults:3)
  2 green deaths (Swamp:4)
  A crystal guardian (Vaults:2)
  8 fire dragons
  2 ettins
  Josephine (D:11)
  4 jiangshi (Depths:1)
  14 ogre magi
  6 rakshasas
  A minotaur (Lab)
  4 great orbs of eyes
  10 yaktaur captains
  21 hydras
  7 vault guards
  2 death knights
  A ghost crab (Swamp:3)
  A hell beast (Depths:1)
  4 ice dragons
  46 two-headed ogres
  A catoblepas (Lair:6)
  6 centaur warriors
  4 alligators
  An alligator (shapeshifter) (Vaults:3)
  10 deep troll shamans
  A queen ant (Spider:2)
  24 dancing weapons
  A vampire mage (Depths:1)
  8 deep troll earth magi
  4 tengu warriors
  3 thrashing horrors (Swamp:4)
  2 orc high priests
  A storm dragon zombie (Vaults:1)
  7 spriggans
  14 deep elf knights
  5 skeletal warriors
  A shadow wraith (Vaults:1)
  4 iron trolls
  21 deep trolls
  2 spriggan druids
  A spark wasp zombie (Depths:1)
  4 glowing orange brains
  7 swamp dragons
  2 unseen horrors (D:15)
  5 flayed ghosts
  A shambling mangrove (Swamp:3)
  9 deep elf archers
  2 phantasmal warriors (Vaults:3)
  5 harpies (Vaults:1)
  3 necromancers
  9 wizards
  16 ironbrand convokers
  4 lindwurms
  11 orc knights
  A wolf spider zombie (D:8)
  46 ugly things
  5 oklob plants
  3 manticores
  13 orb spiders
  35 wolf spiders
  4 cyclopes
  55 deep elf magi
  2 moths of wrath
  A fire giant zombie (Vaults:3)
  7 black mambas
  3 molten gargoyles
  A rust devil (Depths:1)
  11 elephants
  A torpor snail (Lair:6)
  16 vault sentinels
  A toenail golem (Volcano)
  A gargoyle (D:11)
  3 efreet (Volcano)
  15 spiny frogs
  2 orange demons (Swamp:4)
  7 freezing wraiths
  7 rime drakes
  7 kobold demonologists
  6 komodo dragons
  46 yaktaurs
  A tengu conjurer (Depths:1)
  A yaktaur skeleton (Vaults:3)
  A queen bee (shapeshifter) (Vaults:4)
  12 demonic crawlers
  A yaktaur (shapeshifter) (Vaults:2)
  An ice devil (Depths:1)
  31 jumping spiders
  A red devil (Depths:1)
  The ghost of Mgcat the Ruffian, an amateur TrTm (D:4)
  A jumping spider (shapeshifter) (Depths:1)
  3 polar bears
  7 trolls
  18 hornets
  A hornet (shapeshifter) (Vaults:3)
  9 tyrant leeches
  16 blink frogs
  11 hippogriffs
  57 slime creatures
  A human simulacrum (Vaults:1)
  2 spriggan zombies (Depths:2)
  8 bog bodies (Swamp:4)
  2 stone giant simulacra (Vaults:2)
  A flying skull (Depths:2)
  3 air elementals (Elf:1)
  10 shadows
  5 wraiths
  Sigmund (D:6)
  2 hogs (Lair:6)
  59 redbacks
  17 tarantellas
  20 humans (D:13)
  2 water elementals
  3 hungry ghosts
  3 wyverns
  6 fire elementals
  62 yaks
  5 basilisks
  A basilisk (shapeshifter) (Vaults:1)
  A steam dragon (D:9)
  12 swamp worms
  5 wargs
  8 vampire mosquitoes
  13 insubstantial wisps
  2 acid dragons (Vaults:1)
  12 water moccasins
  9 porcupines
  26 soldier ants
  4 swamp drakes
  2 black bears
  A hornet zombie (Vaults:1)
  35 orc warriors
  An eye of draining (shapeshifter) (Vaults:3)
  53 ogres
  5 ice beasts
  3 sky beasts (D:11)
  2 eyes of draining (D:15)
  3 necrophages
  2 phantoms
  7 boggarts
  19 centaurs
  6 wolves
  An orc skeleton (Vaults:1)
  10 crocodiles
  2 elf zombies
  Blork the orc (D:5)
  6 big kobolds
  16 bullfrogs
  4 earth elementals
  A scorpion (Lair:2)
  9 killer bees
  5 wights
  2 electric eels
  5 howler monkeys
  5 crimson imps
  3 bullfrog zombies
  A lava snake (D:13)
  A quasit (D:6)
  4 centaur zombies
  2 human zombies
  2 bullfrog skeletons
  3 centaur skeletons
  12 orc priests
  5 hounds
  5 jellies
  12 orc wizards
  Jessica (D:3)
  An iguana (D:7)
  20 worker ants
  2 big kobold zombies (Ossuary)
  A hound zombie (D:9)
  A hound skeleton (D:6)
  2 mummies (Ossuary)
  A howler monkey skeleton (D:6)
  A worker ant zombie (D:7)
  4 gnolls (D:6)
  12 adders
  3 shadow imps
  An ufetubus (Vaults:2)
  2 oozes
  An adder zombie (Ossuary)
  3 adder skeletons
  3 worms
  4 dart slugs
  5 leopard geckos
  92 orcs
  9 giant cockroaches
  6 goblins
  8 hobgoblins
  8 jackals
  5 quokkas
  A ball python (D:3)
  10 bats
  6 frilled lizards
  9 hobgoblin zombies (Ossuary)
  A jackal zombie (Ossuary)
  32 kobolds
  12 kobold zombies (Ossuary)
  7 orc zombies (Ossuary)
  8 rats
  A rat zombie (Ossuary)
  4 briar patches (Swamp:4)
  A fire vortex (Volcano)
  3 fungi
  4 plants
1752 creatures vanquished.

Vanquished Creatures (others)
  A tengu reaver (Vaults:4)
  A dancing weapon (Elf:1)
  A hornet (Spider:4)
  A redback (Spider:4)
  A water elemental (Elf:1)
  A hog (shapeshifter) (Depths:2)
  2 humans (Lair:6)
  A crocodile (Lair:6)
  A centaur (Depths:1)
  A bush (Lair:6)
  29 fungi
  17 plants
57 creatures vanquished.

Grand Total: 1809 creatures vanquished

Notes
Turn   | Place    | Note
-------+----------+-------------------------------------------
     0 | D:1      | Mgcat the Minotaur Berserker began the quest for the Orb.
     0 | D:1      | Reached XP level 1. HP: 19/19 MP: 0/0
   100 | D:1      | Reached XP level 2. HP: 23/27 MP: 1/1
   504 | D:1      | Reached skill level 4 in Axes
   682 | D:1      | Reached ** piety under Trog
   686 | D:1      | Reached XP level 3. HP: 21/33 MP: 2/2
  1232 | D:2      | Reached XP level 4. HP: 26/41 MP: 3/3
  1858 | D:3      | Noticed Jessica
  1865 | D:3      | Killed Jessica
  1925 | D:3      | Reached XP level 5. HP: 46/47 MP: 4/4
  2036 | D:3      | Reached *** piety under Trog
  2041 | D:3      | Reached skill level 5 in Fighting
  2041 | D:3      | Reached skill level 5 in Axes
  3021 | D:3      | Reached XP level 6. HP: 3/56 MP: 5/5
  3533 | D:4      | Reached skill level 5 in Armour
  3677 | D:4      | Noticed Mgcat's ghost (amateur TrTm)
  3688 | D:4      | Killed Mgcat's ghost
  3688 | D:4      | Reached skill level 6 in Axes
  3688 | D:4      | Reached XP level 7. HP: 14/63 MP: 6/6
  4595 | D:4      | Found a bloodstained altar of Trog.
  4602 | D:4      | Found a blossoming altar of Fedhas.
  4604 | D:4      | Found a stormy altar of Qazlal.
  4604 | D:4      | Found a snail-covered altar of Cheibriados.
  4606 | D:4      | Found a glowing golden altar of the Shining One.
  4608 | D:4      | Found a radiant altar of Vehumet.
  4609 | D:4      | Found a hazy altar of Hepliaklqana.
  4889 | D:5      | Entered Level 5 of the Dungeon
  4889 | D:5      | Noticed Blork the orc
  4955 | D:5      | Killed Blork the orc
  5631 | D:6      | Noticed Sigmund
  5635 | D:6      | Killed Sigmund
  5635 | D:6      | Reached skill level 7 in Axes
  5689 | D:6      | Received a gift from Trog
  5853 | D:6      | Reached XP level 8. HP: 71/73 MP: 7/7
  5955 | D:6      | Found a staircase to the Ecumenical Temple.
  6268 | D:6      | Reached **** piety under Trog
  6348 | D:6      | Reached skill level 8 in Axes
  6641 | D:7      | You fall through a shaft for 3 floors!
  6641 | D:10     | Entered Level 10 of the Dungeon
  6755 | D:9      | Found an iron altar of Okawaru.
  6929 | D:8      | Reached XP level 9. HP: 46/82 MP: 6/8
  6957 | D:8      | Reached skill level 9 in Axes
  7009 | D:8      | Found a staircase to the Lair.
  7295 | D:8      | Found a sand-covered staircase.
  7378 | Ossuary  | Entered an ossuary
  7520 | Ossuary  | Reached skill level 10 in Fighting
  7524 | Ossuary  | Reached skill level 10 in Axes
  7661 | D:8      | Reached ***** piety under Trog
  7972 | D:7      | Reached skill level 10 in Armour
  8118 | D:7      | Reached XP level 10. HP: 94/94 MP: 9/9
  8722 | D:9      | Reached skill level 11 in Axes
  9020 | D:9      | Noticed a two-headed ogre
  9027 | D:9      | Killed a two-headed ogre
 10455 | D:11     | Noticed Josephine
 10462 | D:11     | Received a gift from Trog
 10462 | D:11     | Reached skill level 12 in Axes
 10462 | D:11     | Reached XP level 11. HP: 85/104 MP: 7/10
 10469 | D:11     | Killed Josephine
 10616 | D:11     | Noticed a six-headed hydra
 10979 | D:11     | Noticed a two-headed ogre
 10993 | D:11     | Killed a two-headed ogre
 11153 | D:11     | Found a staircase to the Orcish Mines.
 11153 | D:11     | Found Yfujeisewk's Weapon Shoppe.
 11198 | D:11     | Killed a six-headed hydra
 11344 | D:11     | Noticed a white ugly thing
 11350 | D:11     | Killed a white ugly thing
 11468 | D:11     | Got a brightly glowing war axe {god gift}
 11469 | D:11     | Identified the +3 war axe of the Lesser Evil {protect, rN+} (Trog gifted it to you on level 11 of the Dungeon)
 11486 | D:11     | Reached skill level 13 in Axes
 11558 | D:11     | Noticed a skeletal warrior
 11571 | D:11     | Killed a skeletal warrior
 11572 | D:11     | Noticed a skeletal warrior
 11573 | D:11     | Noticed a skeletal warrior
 11579 | D:11     | Noticed a skeletal warrior
 11580 | D:11     | Killed a skeletal warrior
 11581 | D:11     | Killed a skeletal warrior
 11583 | D:11     | Killed a skeletal warrior
 11878 | D:11     | Noticed a brown ugly thing
 11878 | D:11     | Noticed a brown ugly thing
 11882 | D:11     | Noticed a purple ugly thing
 11882 | D:11     | Noticed a purple ugly thing
 11885 | D:11     | Noticed a purple ugly thing
 11892 | D:11     | Killed a brown ugly thing
 11898 | D:11     | Killed a purple ugly thing
 11898 | D:11     | Reached XP level 12. HP: 115/115 MP: 11/11
 11932 | D:11     | Noticed a white very ugly thing
 12381 | Lair:1   | Entered Level 1 of the Lair of Beasts
 12383 | Lair:1   | Noticed a five-headed hydra
 12391 | Lair:1   | Killed a five-headed hydra
 12656 | Lair:1   | Reached skill level 14 in Axes
 13508 | Lair:2   | Noticed a five-headed hydra
 13520 | Lair:1   | Killed a five-headed hydra
 13665 | Lair:2   | Reached ****** piety under Trog
 14458 | Lair:3   | Noticed a six-headed hydra
 14467 | Lair:3   | Killed a six-headed hydra
 14529 | Lair:3   | Noticed Gastronok
 14538 | Lair:3   | Killed Gastronok
 14538 | Lair:3   | Reached skill level 15 in Axes
 14538 | Lair:3   | Reached XP level 13. HP: 125/125 MP: 12/12
 14552 | Lair:3   | Reached skill level 15 in Fighting
 14611 | Lair:3   | Found a hole to the Spider Nest.
 14619 | Lair:3   | Received a gift from Trog
 14926 | Lair:3   | Reached skill level 15 in Armour
 15491 | Lair:3   | Found a staircase to the Swamp.
 16809 | Lair:5   | Reached skill level 1 in Evocations
 17099 | Lair:5   | Found a staircase to the Slime Pits.
 17831 | Lair:6   | Entered Level 6 of the Lair of Beasts
 18215 | Lair:6   | Noticed Kirke
 18327 | Lair:6   | Killed Kirke
 18327 | Lair:6   | Reached skill level 16 in Axes
 18368 | Lair:6   | Found a white marble altar of Elyvilon.
 18732 | Lair:6   | Reached XP level 14. HP: 121/137 MP: 13/15
 19273 | Lair:6   | Paralysed by a hornet for 3 turns
 19657 | Lair:6   | Reached skill level 5 in Evocations
 19973 | Lair:3   | Reached XP level 15. HP: 145/145 MP: 17/17
 20116 | D:11     | Received a gift from Trog
 20465 | Orc:1    | Entered Level 1 of the Orcish Mines
 20552 | Orc:1    | Found a roughly hewn altar of Beogh.
 21108 | Orc:2    | Entered Level 2 of the Orcish Mines
 21110 | Orc:2    | Found a dark tunnel.
 21151 | Volcano  | Entered a volcano
 21875 | Orc:2    | Found a roughly hewn altar of Beogh.
 21886 | Orc:2    | Found a staircase to the Elven Halls.
 22006 | Orc:2    | Reached skill level 17 in Axes
 22087 | Orc:2    | Paralysed by an ogre mage for 7 turns
 22121 | Orc:2    | Received a gift from Trog
 22274 | Orc:2    | Reached XP level 16. HP: 153/155 MP: 20/20
 22405 | Orc:2    | Found Syopt's Distillery.
 22405 | Orc:2    | Found Exidatol's Antique Weapon Boutique.
 22406 | Orc:2    | Found Teileo Poygh's Book Boutique.
 22406 | Orc:2    | Found Boninnir's Book Emporium.
 22653 | D:11     | Bought the +4 flail of Ovuph {crush, *Noise rPois rN+++ SInv} for 813 gold pieces
 23556 | D:13     | Found Urchenar's Book Shoppe.
 23605 | D:13     | Got a sparkling crystal amulet
 23608 | D:13     | Identified the amulet of Sihoagg {RegenMP Slay+2} (You found it on level 13 of the Dungeon)
 23728 | D:13     | Found a gate to the Vaults.
 23821 | D:13     | Found a labyrinth entrance.
 23829 | Lab      | Entered a labyrinth
 23971 | Lab      | Identified the Tome of the Oath and Conjuration
 23974 | Lab      | Received a gift from Trog
 23981 | Lab      | Got a pair of jewelled gloves
 23992 | Lab      | Identified the +0 pair of gloves of Servitude {*Corrode rElec Dex+2 Stlth+} (You found it in a labyrinth)
 24763 | D:14     | Found Iketh's Jewellery Emporium.
 24776 | D:14     | Bought the ring of Ohoeggasch {rCorr rPois rF+++ Dex-2 Stlth-} for 969 gold pieces
 24875 | D:14     | Received a gift from Trog
 25008 | D:14     | Found Xuacrius's Gadget Shoppe.
 25263 | D:14     | Got a fine great sword
 25310 | D:14     | Found Guotaoc's Magic Scroll Emporium.
 25315 | D:14     | Bought a scroll of silence for 120 gold pieces
 25467 | D:15     | Entered Level 15 of the Dungeon
 25990 | D:15     | Found a staircase to the Depths.
 26030 | D:15     | Identified the +6 great sword of the Throat {speed, rF++ Dex+6} (You found it on level 14 of the Dungeon)
 26416 | D:15     | Received a gift from Trog
 26441 | D:15     | Found a shadowy altar of Dithmenos.
 26805 | Swamp:1  | Entered Level 1 of the Swamp
 26822 | Swamp:1  | Noticed a thorn hunter
 26842 | Swamp:1  | Killed a thorn hunter
 26842 | Swamp:1  | Reached skill level 18 in Axes
 27764 | Swamp:1  | Paralysed by a hornet for 1 turns
 28150 | Swamp:2  | Paralysed by a hornet for 2 turns
 29226 | Swamp:3  | Noticed a thorn hunter
 29307 | Swamp:3  | Killed a thorn hunter
 29430 | Swamp:3  | Reached XP level 17. HP: 155/165 MP: 20/22
 29608 | Swamp:3  | Paralysed by a hornet for 1 turns
 29651 | Swamp:3  | Received a gift from Trog
 30395 | Swamp:4  | Entered Level 4 of the Swamp
 31053 | Swamp:4  | Reached skill level 10 in Dodging
 31264 | Swamp:4  | Received a gift from Trog
 31795 | Swamp:4  | Noticed a tentacled monstrosity
 31806 | Swamp:4  | Killed a tentacled monstrosity
 31936 | Swamp:4  | Got a decaying rune of Zot
 32862 | Spider:1 | Entered Level 1 of the Spider Nest
 32915 | Spider:1 | Received a gift from Trog
 34465 | Spider:2 | Reached skill level 19 in Axes
 34468 | Spider:2 | Reached skill level 10 in Evocations
 34486 | Spider:2 | Received a gift from Trog
 34505 | Spider:2 | Reached XP level 18. HP: 139/176 MP: 24/24
 36465 | Spider:3 | Received a gift from Trog
 37006 | Spider:4 | Entered Level 4 of the Spider Nest
 38224 | Spider:4 | Noticed Arachne
 38229 | Spider:4 | Killed Arachne
 39033 | Spider:4 | Received a gift from Trog
 39190 | Spider:4 | Reached skill level 20 in Axes
 39316 | Spider:4 | Got a gossamer rune of Zot
 40122 | Elf:1    | Entered Level 1 of the Elven Halls
 41012 | Elf:1    | Reached XP level 19. HP: 179/184 MP: 23/25
 41172 | Elf:1    | Reached skill level 21 in Axes
 41182 | Elf:1    | Received a gift from Trog
 41753 | Elf:2    | Found a runed door.
 41921 | Elf:2    | Found a runed gate.
 41922 | Elf:2    | Found a runed gate.
 41938 | Elf:2    | Found a runed gate.
 42672 | Elf:2    | Reached skill level 22 in Axes
 43308 | Elf:2    | Received a gift from Trog
 43616 | Vaults:1 | Entered Level 1 of the Vaults
 44101 | Vaults:1 | Received a gift from Trog
 44164 | Vaults:1 | Reached skill level 23 in Axes
 45229 | Vaults:1 | Received a gift from Trog
 45249 | Vaults:1 | Reached skill level 24 in Axes
 45259 | Vaults:1 | Got a fine executioner's axe {god gift}
 45260 | Vaults:1 | Identified the +9 executioner's axe "Hydraslayer" {chop, SInv} (Trog gifted it to you on level 1 of the Vaults)
 45618 | Vaults:2 | Reached XP level 20. HP: 193/193 MP: 24/26
 45732 | Vaults:2 | Paralysed by an ogre mage for 7 turns
 46649 | Vaults:2 | Received a gift from Trog
 47060 | Vaults:2 | Reached skill level 25 in Axes
 48285 | Vaults:3 | Found Vasivud's General Store.
 48379 | Vaults:3 | Found Nivo's Antique Armour Shoppe.
 48389 | Vaults:3 | Bought a pair of runed boots for 277 gold pieces
 49029 | Vaults:3 | Reached skill level 26 in Axes
 49698 | Vaults:3 | Found Bairhe's Food Emporium.
 49758 | Vaults:3 | Found a staircase to the Crypt.
 49871 | Vaults:3 | Received a gift from Trog
 49876 | Vaults:3 | Reached XP level 21. HP: 201/201 MP: 25/27
 50211 | Vaults:3 | Found Vemavuneick's Assorted Antiques.
 50444 | Vaults:4 | Noticed Jorgrun
 50457 | Vaults:4 | Killed Jorgrun
 50488 | Vaults:4 | HP: 10/201 [stone giant/large rock (28)]
 50495 | Vaults:4 | Noticed Saint Roka
 50496 | Vaults:4 | HP: 3/201 [two-headed ogre/giant club (18)]
 50496 | Vaults:4 | HP: 1/201 [yaktaur/bolt[a yaktaur captain] (2)]
 50852 | Vaults:4 | Killed Saint Roka
 50944 | Vaults:4 | Received a gift from Trog
 52553 | Vaults:1 | Got an encrusted broad axe {god gift}
 52555 | Vaults:1 | Identified the +8 broad axe of Diuczoxkeg {venom, rElec Int+3} (Trog gifted it to you on level 1 of the Vaults)
 52714 | Depths:1 | Entered Level 1 of the Depths
 53225 | Depths:1 | Found Huippip's Armour Shop.
 53227 | Depths:1 | Found Lyakom's Antique Weapon Boutique.
 53290 | Depths:1 | Found a one-way gate leading to the halls of Pandemonium.
 53669 | Depths:1 | Reached XP level 22. HP: 181/213 MP: 26/28
 53672 | Depths:1 | Received a gift from Trog
 53766 | Depths:1 | Found a gateway to Hell.
 54583 | Depths:2 | Reached skill level 27 in Axes
 54598 | Depths:2 | Received a gift from Trog
 54614 | Depths:2 | HP: 3/213 [jiangshi (11)]
 54614 | Depths:2 | Slain by a golden dragon zombie

Skill      XL: |  1  2  3  4  5  6  7  8  9 10 11 12 13 14 15 16 17 18 19 20 21 22 |
---------------+-------------------------------------------------------------------+-----
Fighting       | 4 5 6 7 8 10 12 13 14 16 17 18 19 20 21 | 21.4
Armour         | 3 4 5 6 8 10 11 13 14 16 17 18 19 20 21 | 21.3
Axes           | 4 5 6 7 8 10 12 13 15 16 17 18 19 20 24 26 27 | 27.0
Evocations     | 3 5 6 8 10 | 10.0
Dodging        | 7 9 11 12 14 | 14.9

Action                   |  1- 3 |  4- 6 |  7- 9 | 10-12 | 13-15 | 16-18 | 19-21 | 22-24 || total
-------------------------+-------+-------+-------+-------+-------+-------+-------+-------++-------
Melee: Hand axe          |    77 |   105 |    30 |       |       |       |       |       ||   212
       Headbutt          |    13 |    15 |    45 |   114 |   173 |   385 |   266 |    28 ||  1039
       Battleaxe         |       |       |   244 |   373 |   533 |   810 |       |       ||  1960
       Whip              |       |       |       |    26 |    46 |       |       |       ||    72
       Flail             |       |       |       |       |       |   112 |     4 |       ||   116
       Executioner's axe |       |       |       |       |       |   497 |   994 |   108 ||  1599
Invok: Berserk           |       |     3 |     6 |    10 |    16 |    24 |    33 |     5 ||    97
       Trog's Hand       |       |       |     5 |     5 |    11 |    17 |    26 |     5 ||    69
       Burn Spellbooks   |       |       |     2 |     3 |     3 |     4 |     3 |       ||    15
Evoke: Wand              |       |       |       |       |     6 |     2 |     2 |       ||    10
       Phantom mirror    |       |       |       |       |       |       |     1 |       ||     1
  Use: Scroll            |       |       |     8 |     9 |    13 |    18 |    14 |     2 ||    64
       Potion            |       |       |       |       |     1 |     2 |    18 |     2 ||    23
 Stab: Sleeping          |     1 |       |       |       |       |       |       |       ||     1
       Distracted        |       |       |       |       |       |     2 |     5 |       ||     7
  Eat: Chunk             |     1 |     7 |    15 |    24 |    32 |    49 |    64 |       ||   192
       Ration            |       |     1 |     2 |     2 |     4 |    12 |     5 |     3 ||    29
Armor: Animal skin       |    15 |    18 |     5 |       |       |       |       |       ||    38
       Plate armour      |       |       |   187 |   316 |   365 |   138 |       |       ||  1006
       Chain mail        |       |       |     1 |       |       |       |       |       ||     1
       Ice dragon scales |       |       |       |       |       |   597 |   366 |    94 ||  1057
Dodge: Dodged            |    52 |    70 |   135 |   208 |   264 |  1018 |   768 |   187 ||  2702
